 Dungeon Crawl Stone Soup version 0.32-a0-711-g016ad743e0 (webtiles) character file.

Game seed: 8994011512890553347

58 croobank the Chopper (level 3, -1/33 HPs)
             Began as a Mountain Dwarf Monk on Mar 15, 2024.
             Slain by an orc
             ... wielding a +0 short sword
              (3 damage)
             ... on level 2 of the Dungeon.
             The game lasted 00:02:56 (1066 turns).

croobank the Chopper (Mountain Dwarf Monk)          Turns: 1066, Time: 00:02:57

Health: -1/33      AC:  2    Str: 13    XL:     3   Next: 76%
Magic:  3/3        EV: 11    Int: 12    God:
Gold:   57         SH:  0    Dex: 12    Spells: 2/2 levels left

rFire   . . .        f - +0 short sword (speed)
rCold   . . .        d - orb {light}
rNeg    . . .        b - +0 robe
rPois   .            (no helmet)
rElec   .            (no cloak)
rCorr   .            (no gloves)
SInv    .            (no boots)
Will    .....        (no amulet) Stlth
                     (no ring)
HPRegen 0.25/turn    (no ring)
MPRegen 0.08/turn

%: no passive effects
@: silenced, glowing
A: runic magic, artefact enchanting
a: no special abilities


You were on level 2 of the Dungeon.
You visited 1 branch of the dungeon, and saw 2 of its levels.

You collected 57 gold pieces.

Inventory:

Hand Weapons
 a - a +0 hand axe
 f - a +0 short sword of speed (weapon)
Armour
 b - a +0 robe (worn)
 d - an orb of light (worn)
 q - an orb of wrath
Jewellery
 n - a ring of willpower
Scrolls
 p - 2 scrolls of teleportation {unknown}
Potions
 c - 2 potions of ambrosia
 e - a potion of magic
 h - a potion of brilliance {unknown}
 j - a potion of might {unknown}
 k - a potion of heal wounds {unknown}
 l - a potion of lignification {unknown}
 o - a potion of attraction {unknown}


   Skills:
 + Level 3.8 Fighting
 * Level 1.6 Short Blades
 - Level 3.8 Axes
 + Level 2.6 Dodging


You had 2 spell levels left.
You didn't know any spells.
Your spell library was empty.

Dungeon Overview and Level Annotations

Branches:
Dungeon (2/15)

Altars:


Innate Abilities, Weirdness & Mutations

Your spellcasting is much less encumbered by armour.
You can use scrolls of enchantment on lesser artefacts.


Message History

e - a potion of magic The orc hits you with a +0 short sword.
As you read the scroll of identify, it crumbles to dust.
g - 2 potions of curing The orc wizard casts a spell at you.
The puff of flame hits you! The orc closely misses you.
The orc hits you with a +0 short sword.
* * * LOW HITPOINT WARNING * * *
Okay, then.
You feel better. The orc hits you with a +0 hand axe.
The orc closely misses you.
The orc priest looks satisfied for a moment.
The orc wizard hits you with a +0 dagger.
The orc hits you with a +0 hand axe.
* * * LOW HITPOINT WARNING * * *
The orc hits you with a +0 short sword.
* * * LOW HITPOINT WARNING * * *
The orc priest barely misses you.
You hit the orc priest.
The orc priest shouts, "Beogh offers mercy even to people such as you.
Join us and be reborn!"
The orc priest is lightly wounded.
The orc wizard hits you with a +0 dagger.
* * * LOW HITPOINT WARNING * * *
You feel better. The orc barely misses you.
The orc hits you with a +0 short sword.
* * * LOW HITPOINT WARNING * * *
The orc priest looks encouraged for a moment.
The orc wizard barely misses you.
You hit the orc priest.
The orc priest is moderately wounded.
The orc hits you with a +0 hand axe.
* * * LOW HITPOINT WARNING * * *
The orc hits you with a +0 short sword.
* * * LOW HITPOINT WARNING * * *
The orc priest threatens, "Beogh's wrath is as vast as their mercy.
Make your choice!" The orc priest misses you.
The orc wizard closely misses you.
As you read the scroll labelled OSA QOBLUF, it crumbles to dust.
A profound silence engulfs you.
It was a scroll of silence.
The orc closely misses you. The orc hits you with a +0 short sword.
You die...

...###############
.........ooo......
#...@o......
#..###.####......
#........##.######.#
#...##.#.##.#....#.#
#.. #.#.##.#..#.#.#
#. #.#.##.##.#.#.#
.. ..#.........#.# .
##########..#.#
...........#.#


You could see an orc priest, an orc wizard (invisible) and 2 orcs.

Vanquished Creatures
  2 adders (D:2)
  A dart slug (D:1)
  2 endoplasms (D:1)
  4 giant cockroaches (D:1)
  7 goblins
  3 hobgoblins (D:1)
  6 kobolds (D:1)
  4 ball pythons (D:1)
  3 bats (D:1)
  A frilled lizard (D:1)
  2 rats (D:1)
35 creatures vanquished.

Notes
Turn   | Place    | Note
-------+----------+-------------------------------------------
     0 | D:1      | croobank the Mountain Dwarf Monk began the quest for the
                  | Orb.
     0 | D:1      | Reached XP level 1. HP: 19/19 MP: 1/1
   215 | D:1      | Reached XP level 2. HP: 24/26 MP: 2/2
   464 | D:1      | Reached skill level 1 in Short Blades
   520 | D:1      | Reached XP level 3. HP: 24/33 MP: 3/3
  1066 | D:2      | Slain by an orc

Illustrated notes

Levels and vault maps discovered:
D:1:      tarquinn_simple_flora_water_e, layout_loops_cross
D:2:      layout_basic, minmay_quadrilaterals

Skill      XL: |  1  2 |
---------------+-------+-----
Short Blades   | 1 |  1.6
Fighting       | |  3.8
Axes           | |  3.8
Dodging        | |  2.6

Action                     || total
---------------------------++-------
  Melee: Hand axe          ||    14
         Short sword       ||   109
    Use: Scroll            ||     3
         Potion            ||     2
 Armour: Robe              ||    73
  Dodge: Dodged            ||    54

Table legend: (Time is in decaauts)
 A = Elapsed time spent in this place.
 B = Non-inter-level travel time spent in this place.
 C = Inter-level travel time spent in this place.
 D = Time resting spent in this place.
 E = Time spent auto-exploring this place.
 F = Levels seen in this place.
 G = Mean time per level.
                   A        B        C        D        E       F      G
               +--------+--------+--------+--------+--------+-----+--------+
         Total |   1027 |   1002 |     25 |    105 |    662 |   2 |  513.5 |
       Dungeon |   1027 |   1002 |     25 |    105 |    662 |   2 |  513.5 |
               +--------+--------+--------+--------+--------+-----+--------+

Top non-repeatable levels by time:
     D:1: 800 daAuts
     D:2: 226 daAuts
